 Dungeon Crawl Stone Soup version 0.20-a0-893-g832831a (webtiles) character file.

1059 kroki the Cleaver (level 8, 0/71 HPs)
             Began as a Minotaur Air Elementalist on Mar 16, 2017.
             Slain by an orc warrior
             ... wielding a +0 trident
              (10 damage)
             ... on level 5 of the Dungeon.
             The game lasted 00:04:29 (7197 turns).

kroki the Cleaver (Minotaur Air Elementalist)       Turns: 7197, Time: 00:04:30

Health: 0/71       AC:  8    Str: 14    XL:     8   Next: 6%
Magic:  9/9        EV:  6    Int: 12    God:
Gold:   151        SH:  0    Dex: 12    Spells: 8/9 levels left

rFire    . . .     SeeInvis .   B - +0 war axe
rCold    . . .     Gourm    .   t - +0 chain mail
rNeg     . . .     Faith    .   (no shield)
rPois    .         Spirit   .   (helmet restricted)
rElec    .         Reflect  .   (no cloak)
rCorr    .         Harm     .   (no gloves)
MR       .....                  (no boots)
Stlth    ..........             (no amulet)
Regen    0.3/turn               (no ring)
MPRegen  0.2/turn               v - ring of stealth {Stlth+}

@: no status effects
A: retaliatory headbutt, horns 2
a: no special abilities


You were on level 5 of the Dungeon.
You were not hungry.

You visited 1 branch of the dungeon, and saw 5 of its levels.

You collected 151 gold pieces.

Inventory:

Hand Weapons
 h - a +0 dagger
   (You found it on level 1 of the Dungeon)
 j - a +0 club
   (You took it off a hobgoblin on level 1 of the Dungeon)
 p - a +0 whip
   (You found it on level 1 of the Dungeon)
 y - a +0 hand axe
   (You found it on level 3 of the Dungeon)
 B - a +0 war axe (weapon)
   (You took it off an orc on level 4 of the Dungeon)
Armour
 a - a +0 robe
 k - a +0 leather armour
   (You found it on level 1 of the Dungeon)
 m - a +0 ring mail
   (You found it on level 1 of the Dungeon)
 t - a +0 chain mail (worn)
   (You found it on level 2 of the Dungeon)
Jewellery
 v - a ring of stealth (left hand) {Stlth+}
   (You took it off a kobold on level 2 of the Dungeon)
 D - the amulet "Wysio" {Faith *Contam +Fly rN+++ Str-4}
   (You took it off an orc on level 4 of the Dungeon)

   [amulet of faith]

   It allows you to gain divine favour quickly.
   It affects your strength (-4).
   It renders you almost immune to negative energy.
   It lets you fly.
   It causes magical contamination when unequipped.
Wands
 n - a wand of acid (3/15)
   (You took it off Ijyb on level 2 of the Dungeon)
 s - a wand of flame (25/48)
   (You found it on level 2 of the Dungeon)
Scrolls
 d - a scroll of enchant armour {unknown}
 f - 4 scrolls of teleportation
 i - a scroll of immolation {unknown}
 u - a scroll of amnesia {unknown}
 x - a scroll of noise {unknown}
 z - a scroll of identify
 F - a scroll of magic mapping {unknown}
Potions
 e - a potion of cancellation {unknown}
 l - a potion of lignification {!q}
 q - 3 potions of haste
 r - 4 potions of curing
 w - a potion of mutation {unknown}
 A - 2 potions of magic {unknown}
 C - a potion of ambrosia
Books
 b - a book of Air
 G - a book of Changes
   (You found it on level 5 of the Dungeon)
Comestibles
 c - 2 bread rations {@e1}
 g - a royal jelly
 o - 5 meat rations {@e2}


   Skills:
 - Level 6.3 Fighting
 + Level 9.0 Axes
 - Level 0.5 Armour
 - Level 2.1 Dodging
 - Level 1.5 Stealth
 - Level 1.3 Spellcasting
 - Level 0.6 Conjurations
 - Level 2.1 Air Magic


You had 8 spell levels left.
You knew the following spells:

 Your Spells              Type           Power        Failure   Level  Hunger
a - Shock                 Conj/Air       #...         100%        1    ##.....


Dungeon Overview and Level Annotations

Branches:
Dungeon (5/15)
 Temple: D:4-7

Altars:
Ashenzari
Qazlal


Innate Abilities, Weirdness & Mutations

You reflexively headbutt those who attack you in melee.
You have a pair of horns on your head.


Message History

A phantom is nearby!
The phantom blinks!
You see here 10 sling bullets.
Eating one of 7 chunks of flesh {@w0}.
You eat one of the 7 chunks of flesh {@w0}.
You open the door.
There is an open door here.
The phantom blinks!
A phantom is nearby!
A phantom is nearby!
A phantom is nearby!
You hit the phantom.
The phantom blinks!
All of the chunks of flesh in your inventory have rotted away.
A phantom is nearby!
A phantom is nearby!
A phantom is nearby!
The phantom blinks!
A phantom is nearby!
A phantom is nearby!
A phantom is nearby!
You miss the phantom. Your headbutt misses the phantom.
The phantom hits you but does no damage.
A phantom is nearby!
You hit the phantom.
The phantom hits you but does no damage.
A phantom is nearby!
You closely miss the phantom. Your headbutt misses the phantom.
The phantom hits you but does no damage.
The phantom barely misses you.
A phantom is nearby!
You slash the phantom! The phantom hits you.
A phantom is nearby!
You hit the phantom.
The phantom hits you but does no damage.
A phantom is nearby!
You slash the phantom!
You destroy the phantom!
Your Axes skill increases to level 9!
You have reached level 8!
You feel agile.
You open the door.
There is an open door here.
You see here a plate armour.
An orc wizard comes into view. It is wielding a dagger.
The orc wizard shouts!
The orc wizard gestures wildly while chanting.
The orc wizard blinks!
An orc and an orc warrior come into view.
The orc warrior shouts!
The orc shouts!
You slash the orc wizard! Your headbutt misses the orc wizard.
The orc wizard hits you but does no damage.
There are monsters nearby!
You hit the orc wizard but do no damage.
The orc wizard hits you but does no damage.
There are monsters nearby!
Your chain mail prevents you from hitting the orc wizard.
The orc wizard hits you with a dagger.
The orc throws a tomahawk.
The tomahawk hits you but does no damage.
There are monsters nearby!
Your chain mail prevents you from hitting the orc wizard.
The orc wizard casts a spell.
The orc wizard seems to speed up.
The orc throws a tomahawk.
The tomahawk hits you.
An orc wizard comes into view. It is wielding a dagger.
The orc wizard shouts!
The orc wizard hits you but does no damage.
The orc warrior hits you from afar with a trident!
The orc wizard points at you and mumbles some strange words.
The puff of flame hits you!
The orc throws a tomahawk.
The tomahawk hits you but does no damage.
An orc comes into view.
You see here a tomahawk.
The orc shouts!
The orc wizard hits you but does no damage. x2
The orc warrior hits you with a trident!
Unknown command.
You hit the orc warrior but do no damage.
You hit the orc wizard.
The orc wizard hits you but does no damage.
The orc warrior hits you with a trident!
The orc wizard casts a spell.
The orc wizard blinks!
You closely miss the orc warrior. You hit the orc.
The orc hits you but does no damage.
The orc warrior hits you with a trident.
Your chain mail prevents you from hitting the orc warrior.
You headbutt the orc warrior! You hit the orc.
The orc hits you with a hand axe.
The orc warrior hits you with a trident!
* * * LOW HITPOINT WARNING * * *
You barely miss the orc warrior. You hit the orc.
You kill the orc!
The orc wizard miscasts a cantrip.
The orc warrior hits you with a trident.
* * * LOW HITPOINT WARNING * * *
You hit the orc warrior but do no damage.
The orc wizard gestures wildly while chanting.
The orc wizard blinks!
The orc warrior hits you with a trident!
You die...

#.#..#..#..........#.####
#.#..#..#.......#..#.##
#.#..#..#######.#.....#
#.#...................#
#.#............##.....#
#.##..................#
#........§o..#........#
#####.#..oo#.#........#
#.(o@)............#
#..#.#...#........#
#..#.....#..#....
#..#....... ###########.


You could see an orc warrior, 2 orc wizards and an orc.

Vanquished Creatures
  Edmund (D:4)
  A phantom (D:5)
  A centaur (D:4)
  A big kobold (D:3)
  Blork the orc (D:4)
  A scorpion (D:4)
  A hound (D:4)
  A bullfrog skeleton (D:4)
  3 orc priests (D:4)
  An orc wizard (D:4)
  Ijyb (D:2)
  Jessica (D:2)
  4 worker ants (D:4)
  3 gnolls
  13 adders
  3 oozes (D:2)
  3 worms (D:2)
  3 dart slugs
  A leopard gecko (D:1)
  18 orcs
  5 giant cockroaches
  8 goblins
  5 hobgoblins
  10 jackals
  3 quokkas
  A ball python (D:2)
  4 bats
  7 frilled lizards
  9 kobolds
  A leopard gecko skeleton (D:4)
  3 rats
118 creatures vanquished.

Vanquished Creatures (others)
  A ball python (D:2)
1 creature vanquished.

Grand Total: 119 creatures vanquished

Notes
Turn   | Place    | Note
-------+----------+-------------------------------------------
     0 | D:1      | kroki the Minotaur Air Elementalist began the quest for the Orb.
     0 | D:1      | Reached XP level 1. HP: 14/14 MP: 1/1
   112 | D:1      | Reached skill level 1 in Fighting
   275 | D:1      | Reached skill level 2 in Fighting
   294 | D:1      | Found a shattered altar of Ashenzari.
   388 | D:1      | Reached XP level 2. HP: 11/24 MP: 3/3
  1186 | D:1      | Reached skill level 3 in Fighting
  1186 | D:1      | Reached XP level 3. HP: 14/31 MP: 4/4
  1654 | D:2      | Reached skill level 4 in Fighting
  1796 | D:2      | Found a stormy altar of Qazlal.
  2394 | D:2      | Noticed Jessica
  2404 | D:2      | Killed Jessica
  2404 | D:2      | Reached XP level 4. HP: 41/41 MP: 5/5
  2426 | D:2      | Reached skill level 5 in Fighting
  2632 | D:2      | Noticed Ijyb
  2936 | D:2      | Killed Ijyb
  2936 | D:2      | Reached XP level 5. HP: 46/50 MP: 6/6
  3051 | D:2      | Reached skill level 6 in Fighting
  4060 | D:3      | Reached skill level 1 in Axes
  4191 | D:3      | Reached skill level 3 in Axes
  4191 | D:3      | Reached XP level 6. HP: 30/58 MP: 7/7
  4813 | D:4      | Reached skill level 4 in Axes
  5053 | D:4      | Noticed Edmund
  5080 | D:4      | Killed Edmund
  5080 | D:4      | Reached skill level 5 in Axes
  5351 | D:4      | Reached XP level 7. HP: 61/64 MP: 8/8
  5448 | D:4      | Reached skill level 6 in Axes
  5769 | D:4      | Got a scorched jade amulet
  5782 | D:4      | Reached skill level 7 in Axes
  6564 | D:4      | Reached skill level 8 in Axes
  6624 | D:4      | Noticed Blork the orc
  6634 | D:4      | Killed Blork the orc
  6812 | D:4      | Identified the amulet "Wysio" {Faith *Contam +Fly rN+++ Str-4} (You took it off an orc on level 4 of the Dungeon)
  6901 | D:5      | Entered Level 5 of the Dungeon
  7076 | D:5      | Reached skill level 9 in Axes
  7076 | D:5      | Reached XP level 8. HP: 64/71 MP: 9/9
  7195 | D:5      | HP: 13/71 [orc warrior/trident (12)]
  7197 | D:5      | Slain by an orc warrior

Vault maps used:
D:1:      sevenhm_arrival_forest_fort_small_4, nicolae_ashenzari_panopticon
D:2:      nicolae_qazlal_general_emergency, minmay_shallow_snake_nest,
          uniq_jessica, uniq_iyjb
D:4:      first_bread, uniq_edmund, uniq_blork_the_orc
D:5:      grunt_ministairs_11, uniq_menkaure, uniq_pikel

Skill      XL: |  1  2  3  4  5  6  7 |
---------------+----------------------+-----
Fighting       | 2 3 4 5 6 |  6.3
Axes           | 3 5 9 |  9.0
Armour         | |  0.5
Dodging        | |  2.1
Stealth        | |  1.5
Spellcasting   | |  1.3
Conjurations   | |  0.6
Air Magic      | |  2.1

Action                   |  1- 3 |  4- 6 |  7- 9 || total
-------------------------+-------+-------+-------++-------
Melee: Unarmed           |    21 |       |       ||    21
       Headbutt          |    15 |    40 |    18 ||    73
       Club              |    11 |       |       ||    11
       Whip              |    87 |   108 |       ||   195
       Hand axe          |       |   128 |    12 ||   140
       War axe           |       |       |   138 ||   138
  Use: Potion            |       |     2 |       ||     2
       Scroll            |       |     5 |     2 ||     7
 Stab: Invisible         |       |     1 |       ||     1
  Eat: Chunk             |     1 |     9 |     6 ||    16
       Bread ration      |     1 |       |       ||     1
Armor: Robe              |     4 |       |       ||     4
       Ring mail         |    24 |       |       ||    24
       Leather armour    |     1 |       |       ||     1
       Chain mail        |    10 |   165 |    97 ||   272
Dodge: Dodged            |    65 |    78 |    56 ||   199

Vault maps used:
D:1:      sevenhm_arrival_forest_fort_small_4, nicolae_ashenzari_panopticon
D:2:      nicolae_qazlal_general_emergency, minmay_shallow_snake_nest,
          uniq_jessica, uniq_iyjb
D:4:      first_bread, uniq_edmund, uniq_blork_the_orc
D:5:      grunt_ministairs_11, uniq_menkaure, uniq_pikel

Table legend:
 A = Turns spent in this place as a percentage of turns spent in the entire game.
 B = Non-inter-level travel turns spent in this place as a percentage of non-inter-level travel turns spent in the entire game.
 C = Inter-level travel turns spent in this place as a percentage of turns spent in this place.
 D = Turns resting spent in this place as a percentage of non-inter-level travel turns spent in this place.
 E = Turns spent auto-exploring this place as a percentage of non-inter-level travel turns spent in this place.
 F = Non-inter-level travel turns spent in this place divided by the number of levels of this place that you've seen.
                   A       B       C       D       E      F
               +-------+-------+-------+-------+-------+----------------------
         Total | 100.0 | 100.0 |   0.7 |   1.5 |   8.5 | 517.4
       Dungeon | 100.0 | 100.0 |   0.7 |   1.5 |   8.5 | 517.4
               +-------+-------+-------+-------+-------+----------------------

Table legend:
 A = Kills in this place as a percentage of kills in entire the game.
 B = Kills by you in this place as a percentage of kills by you in the entire game.
 C = Kills by friends in this place as a percentage of kills by friends in the entire game.
 D = Other kills in this place as a percentage of other kills in the entire game.
 E = Experience gained in this place as a percentage of experience gained in the entire game.
 F = Experience gained in this place divided by the number of levels of this place that you have seen.
                   A       B       C       D       E      F
               +-------+-------+-------+-------+-------+----------------------
         Total | 100.0 | 100.0 |  -nan |  -nan | 100.0 | 302.6
       Dungeon | 100.0 | 100.0 |  -nan |  -nan | 100.0 | 302.6
               +-------+-------+-------+-------+-------+----------------------
